 Dungeon Crawl Stone Soup version 0.14-a0-218-g24e112a (webtiles) character file.

122 Malachi the Poker (level 3, -2/33 HPs)
             Began as a Naga Abyssal Knight on Oct 9, 2013.
             Was a Believer of Lugonu.
             Slain by Terence
             ... wielding a +0,+1 orcish flail
              (7 damage)
             ... on Level 2 of the Dungeon.
             The game lasted 00:04:16 (1731 turns).

Malachi the Poker (Naga Abyssal Knight)             Turns: 1731, Time: 00:04:17

HP  -2/33        AC  2     Str 14      XL: 3   Next: 77%
MP   4/4         EV  8     Int 13      God: Lugonu [**....]
Gold 73          SH  6     Dex 10      Spells:  0 memorised,  2 levels left

Res.Fire  : . . .   See Invis. : +   a - +2 spear
Res.Cold  : . . .   Warding    : .   b - +0 leather armour
Life Prot.: . . .   Conserve   : .   n - +0 buckler
Res.Poison: +       Res.Corr.  : .   (no helmet)
Res.Elec. : .       Clarity    : .   (no cloak)
Sust.Abil.: . .     Spirit.Shd : .   (no gloves)
Res.Mut.  : .       Stasis     : .   (no barding)
Res.Rott. : .       Flight     : .   (no amulet)
Saprovore : . . .                    (no ring)
                                     (no ring)

@: short of breath, very slow, slightly resistant to hostile enchantments, very
unstealthy
A: spit poison, see invisible, deformed body, poison resistance, slowness 2, AC
+1
a: Spit Poison, Depart the Abyss, Bend Space, Renounce Religion


You were on level 2 of the Dungeon.
You worshipped Lugonu.
Lugonu was pleased with you.
You were not hungry.

You visited 1 branch of the dungeon, and saw 2 of its levels.
You visited the Abyss 1 time.

You collected 53 gold pieces.

Inventory:

Hand weapons
 a - a +2,+2 spear (weapon)
Missiles
 m - 3 tomahawks (quivered)
Armour
 b - a +0 leather armour (worn)
 n - a +0 buckler (worn)
Comestibles
 c - a bread ration
 d - a snozzcumber
 f - a choko
 k - a lychee
Scrolls
 e - a scroll of remove curse
 h - 2 scrolls of identify
 j - 2 scrolls of curse armour {unknown}
 p - a scroll of curse jewellery {unknown}
 q - a scroll of amnesia {unknown}
Potions
 g - 2 potions of curing {unknown}
 i - 2 potions of brilliance {unknown}
 l - a potion of might {unknown}
 o - a potion of restore abilities {unknown}


   Skills:
 - Level 3.0 Fighting
 * Level 3.5 Polearms
 - Level 1.5 Armour
 - Level 0.7 Dodging
 - Level 0.4 Stealth
 * Level 2.7 Invocations


You had 2 spell levels left.
You didn't know any spells.

Dungeon Overview and Level Annotations

Branches:
Dungeon (2/27)

Altars:
Cheibriados

Annotations:
D:2 Terence


Innate Abilities, Weirdness & Mutations

You cannot wear boots.
You can spit poison.
Your serpentine skin is tough (AC +1).
You have supernaturally acute eyesight.
Armour fits poorly on your strangely shaped body.
Your system is resistant to poisons.
You cover ground very slowly.


Message History

Aim: Terence, wielding an orcish flail and wearing a scale mail (moderately wounded)
The splash of poison hits Terence.
Terence is poisoned.
Terence is heavily wounded.
You feel slightly more hungry. Terence hits you but does no damage.
You completely miss Terence.
Terence is heavily wounded.
Terence hits you with an orcish flail.
You hit Terence.
Terence is severely wounded.
You hit Terence.
Terence is severely wounded.
Terence hits you with an orcish flail.
You hit Terence.
Terence is almost dead.
Terence hits you with an orcish flail.
* * * LOW HITPOINT WARNING * * *
You hit Terence.
Terence is almost dead.
Terence hits you with an orcish flail!
You die...

#.. ......# ##+#+ ###.#+#
......^. ..#.#.# .......
#### #.#.#.# ... ..#
#.#.#.# #.# #.#.#.#
##.###.#.#.#############
........>................
##.#.#..##.####.@@...#
...#.##.##.####.####.#
#.<..........##.#
#####.#.(.....#.#
..............#.#
.####.####.##.#.#
....#......##.#.#
.#.##########.#.# .#.#
#.#.#


You could see Terence.

Vanquished Creatures
  A worm (D:2)
  8 goblins
  4 hobgoblins
  3 jackals (D:2)
  6 bats
  4 giant cockroaches
  3 giant newts
  6 kobolds
  6 rats
41 creatures vanquished.

Notes
Turn   | Place    | Note
--------------------------------------------------------------
     0 | Abyss:1  | Malachi, the Naga Abyssal Knight, began the quest for the Orb.
     0 | Abyss:1  | Reached XP level 1. HP: 19/19 MP: 1/1
     7 | D:1      | Escaped the Abyss
   215 | D:1      | Reached XP level 2. HP: 21/26 MP: 2/2
   524 | D:1      | Acquired Lugonu's second power
   632 | D:1      | Found a snail-covered altar of Cheibriados.
   883 | D:1      | Reached XP level 3. HP: 13/33 MP: 4/4
  1717 | D:2      | Noticed Terence
  1731 | D:2      | Slain by Terence

Action                   || total
-------------------------++-------
Melee: Spear             ||   142
 Abil: Spit Poison       ||     3
  Use: Scroll            ||     2
 Stab: Sleeping          ||     1
